 Dungeon Crawl Stone Soup version 0.27-a0-1290-g15d3ce7508 (webtiles) character file.

Game seed: 2173681649371056823

63 Glokmah the Skirmisher (level 4, -12/42 HPs)
             Began as a Naga Fighter on June 15, 2021.
             Mangled by Crazy Yiuf (16 damage)
             ... while paralysed by Crazy Yiuf
             ... on level 2 of the Dungeon.
             The game lasted 00:03:36 (2589 turns).

Glokmah the Skirmisher (Naga Fighter)               Turns: 2589, Time: 00:03:37

Health: -12/42     AC:  0    Str: 18    XL:     4   Next: 10%
Magic:  4/4        EV:  3    Int:  8    God:
Gold:   77         SH:  0    Dex: 12    Spells: 3/3 levels left

rFire    . . .     SeeInvis +   (weapon currently unavailable)
rCold    . . .     Faith    .   (shield currently unavailable)
rNeg     . . .     Spirit   .   (armour currently unavailable)
rPois    .         Reflect  .   (helmet currently unavailable)
rElec    .         Harm     .   (cloak currently unavailable)
rCorr    .         Rampage  .   (gloves currently unavailable)
Will     .....                  (no barding)
Stlth    +.........             (no amulet)
HPRegen  0.14/turn              (ring currently unavailable)
MPRegen  0.09/turn              (ring currently unavailable)

@: paralysed, pig-form, very quick
A: fast, no casting, AC +1, small, see invisible, (deformed body), (poison
resistance), (slowness 2), spit poison 1, (naga tail 1)
a: Spit Poison


You were on level 2 of the Dungeon.
You were a filthy swine.
You visited 1 branch of the dungeon, and saw 2 of its levels.

You collected 77 gold pieces.

Inventory:

Hand Weapons
 a - a +0 trident (melded)
 h - a +0 hand axe of electrocution
Missiles
 f - 55 stones
Armour
 b - a +0 scale mail (melded)
 c - a +0 kite shield (melded)
 i - a +0 barding (melded)
Scrolls
 j - 2 scrolls of noise {unknown}
 l - a scroll of blinking {unknown}
 m - a scroll of identify {unknown}
Potions
 d - a potion of might
 e - a potion of heal wounds {unknown}
 g - a potion of flight {unknown}
 k - 2 potions of curing {unknown}
 n - a potion of lignification {unknown}


   Skills:
 + Level 3.4 Fighting
 * Level 2.9 Polearms
 + Level 2.7 Armour
 * Level 3.0 Shields


You had 3 spell levels left.
You didn't know any spells.
Your spell library contained the following spells:

 Spells                   Type           Power      Damage    Failure   Level
 Foxfire                  Conj/Fire      0%         2x1d4     41%         1
 Conjure Flame            Conj/Fire      0%         6-21      78%         3
 Inner Flame              Hex/Fire       0%         N/A       78%         3
 Sticky Flame             Conj/Fire      0%         2d3       99%         4
 Fireball                 Conj/Fire      0%         3d3       100%        5


Dungeon Overview and Level Annotations

Branches:
Dungeon (2/15)

Altars:

Shops:
D:1 (

Annotations:
D:2 Crazy Yiuf


Innate Abilities, Weirdness & Mutations

You are a filthy swine.
You move quickly.
Your equipment is almost entirely melded.
You are incapable of wielding weapons or throwing items.
You cannot cast spells.
((Your serpentine skin is tough. (AC +1)))
You have supernaturally acute eyesight. (SInv)
((Armour fits poorly on your strangely shaped body.))
((Your system is resistant to poisons. (rPois)))
((You cover ground very slowly.))
You can spit poison.
((You have a snake-like lower body.))


Message History

You start waiting.
Your transformation is almost over.
You start waiting.
Your transformation has ended.
Your +0 trident unmelds from your body.
Your +0 barding unmelds from your body.
Your +0 kite shield unmelds from your body.
Your +0 scale mail unmelds from your body.
There is a stone staircase leading down here.
You climb downwards.
Level annotation: Crazy Yiuf
There is a stone staircase leading up here.
There is an open door here.
Crazy Yiuf shouts!
Crazy Yiuf is nearby!
Press: ? - help, Shift-Dir - straight line, f - Crazy Yiuf
Aim: Crazy Yiuf, wielding a +2 quarterstaff of chaos, wearing a +0 cloak and carrying a wand of polymorph (4)
The splash of poison hits Crazy Yiuf.
Crazy Yiuf is moderately wounded.
Crazy Yiuf grits, "East unthinkable tired!"
You reach to attack!
You puncture Crazy Yiuf!
Crazy Yiuf is severely wounded.
Crazy Yiuf zaps a wand.
You turn into a filthy swine.
Your +0 trident melds into your body.
Your +0 barding melds into your body.
Your +0 kite shield melds into your body.
Your +0 scale mail melds into your body.
Unknown command.
You hit Crazy Yiuf but do no damage.
Crazy Yiuf is severely wounded.
Crazy Yiuf hits you with a +2 quarterstaff of chaos.
You suddenly lose the ability to move!
Crazy Yiuf hits you with a +2 quarterstaff of chaos!
Crazy Yiuf burns you. Crazy Yiuf barely misses you.
You have got your breath back.
Crazy Yiuf hits you with a +2 quarterstaff of chaos!
* * * LOW HITPOINT WARNING * * *
Crazy Yiuf freezes you.
* * * LOW HITPOINT WARNING * * *
Crazy Yiuf hits you with a +2 quarterstaff of chaos!
You die...

#.# #.#### #########
##...# #.###.##.#
#.....# #.###
#........# ##...##
#.#
#####.############'##
#.# #.# #....<...#
#.# #.# #.#####..#
#.# #.# #.#
#..#########.# #.#
#.#####...#........#
##.##
#.##..h.....########
#...####.#...#g..###
#.#........#.#..##
#...####.#...#..#
##### #........#
########.# #.# ###
#.# ..# #.#


You could see Crazy Yiuf.

Vanquished Creatures
  A gnoll (D:1)
  2 adders (D:2)
  A worm (D:2)
  2 dart slugs
  3 bats
  3 giant cockroaches
  3 goblins
  4 hobgoblins
  2 kobolds
  A quokka (D:1)
  3 ball pythons
  3 rats
28 creatures vanquished.

Notes
Turn   | Place    | Note
-------+----------+-------------------------------------------
     0 | D:1      | Glokmah the Naga Fighter began the quest for the Orb.
     0 | D:1      | Reached XP level 1. HP: 21/21 MP: 1/1
   174 | D:1      | Reached XP level 2. HP: 28/28 MP: 2/2
   557 | D:1      | Found a faded altar of an unknown god.
   785 | D:1      | Reached XP level 3. HP: 33/34 MP: 3/3
   812 | D:1      | Found Famamna's Weapon Emporium.
  1713 | D:2      | Found a runed translucent door.
  1714 | D:2      | Noticed Crazy Yiuf
  1945 | D:2      | Reached XP level 4. HP: 35/42 MP: 4/4
  2585 | D:2      | Paralysed by Crazy Yiuf for 5 turns
  2589 | D:2      | Mangled by Crazy Yiuf

Illustrated notes

Levels and vault maps discovered:
D:1:      dpeg_arrival_castle, layout_loops_corners,
          shapermc_ecumenical_altar_venn, serial_shops, shop
D:2:      layout_loops_corners, uniq_crazy_yiuf_cottage

Skill      XL: |  1  2  3 |
---------------+----------+-----
Shields        | 3 |  3.0
Fighting       | |  3.4
Polearms       | |  2.9
Armour         | |  2.7

Action                   |  1- 3 |  4- 6 || total
-------------------------+-------+-------++-------
Melee: Trident           |    64 |     2 ||    66
       Unarmed           |       |     2 ||     2
 Abil: Spit Poison       |    24 |     3 ||    27
Armor: Scale mail        |    42 |       ||    42
Dodge: Dodged            |    12 |     1 ||    13
Block: Kite shield       |    27 |       ||    27

Table legend: (Time is in decaauts)
 A = Elapsed time spent in this place.
 B = Non-inter-level travel time spent in this place.
 C = Inter-level travel time spent in this place.
 D = Time resting spent in this place.
 E = Time spent auto-exploring this place.
 F = Levels seen in this place.
 G = Mean time per level.
                   A        B        C        D        E       F      G
               +--------+--------+--------+--------+--------+-----+--------+
         Total |   3376 |   3078 |    298 |    236 |   2522 |   2 | 1688.0 |
       Dungeon |   3376 |   3078 |    298 |    236 |   2522 |   2 | 1688.0 |
               +--------+--------+--------+--------+--------+-----+--------+

Top non-repeatable levels by time:
     D:1: 1766 daAuts
     D:2: 1610 daAuts
